Map: Ascensão para Aiur LE

Players

TheZergLord - Winner!

  • Race: Zerg Zerg
  • League: Grandmaster
  • Spawn Location: 5:00

DakkoN

  • Race: Zerg Zerg
  • League: Master
  • Spawn Location: 11:00

VOD

Have the link to the VOD?

Description

Time

  • Played on: Nov. 6, 2017, 12:18 p.m.
  • Length: 7:17
Show
View Real Time Build Order
Export as new Build Order

TheZergLord Zerg - Winner!

Build Orders: Pool First, Zergling Baneling 

Get SALT Encoding   

  12  0:01  Drone  
  13  0:12  Overlord  
  13  0:17  Drone  
  14  0:32  Drone x2  
  14  0:34  Drone  
  17  0:44  Extractor  
  17  0:48  Drone  
  17  0:51  Spawning Pool  
  17  0:56  Drone  
  17  1:07  Drone  
  18  1:19  Hatchery  
  17  1:38  Zergling x2, Queen  
  17  1:39  Zergling x2  
  21  1:45  Drone  
  22  1:48  Metabolic Boost  
  22  1:59  Overlord  
  22  2:07  Baneling Nest  
  21  2:16  Queen  
  23  2:23  Zergling x4  
  23  2:25  Zergling x2  
  26  2:33  Zergling x2  
  26  2:36  Zergling x2  
  28  2:43  Zergling x2  
  29  2:45  Zergling x2  
  29  2:49  Zergling x4  
  29  2:50  Zergling x2  
  33  2:52  Baneling x2  
  33  2:55  Baneling  
  33  2:56  Baneling  
  33  3:03  Overlord  
  33  3:07  Drone  
  33  3:11  Zergling x2  
  35  3:15  Drone  
  29  3:37  Overlord  
  29  3:38  Drone x2  
  29  3:39  Drone x3  
  33  3:54  Zergling x4  
  33  3:55  Zergling x6  
  36  3:58  Baneling  
  36  3:59  Baneling  
  35  4:03  Zergling x2  
  35  4:07  Zergling x4  
  38  4:16  Zergling x4  
  40  4:20  Baneling  
  40  4:21  Baneling x3  
  40  4:29  Zergling x2  
  40  4:30  Zergling x2  
  42  4:39  Overlord  
  42  4:41  Baneling  
  42  4:42  Baneling  
  42  4:48  Overlord  
  42  4:49  Queen  
  42  5:18  Drone x6  
  46  5:24  Roach Warren  
  45  5:30  Hatchery  
  41  5:41  Overlord  
  40  5:45  Zergling x6  
  40  5:46  Zergling x2  
  40  5:53  Zergling x8  
  42  6:00  Drone  
  43  6:06  Roach  
  43  6:07  Baneling x4  
  45  6:15  Roach x2  
  48  6:27  Roach x5  
  55  6:40  Roach x2  
  55  6:46  Overlord  
  55  6:47  Drone x4  
  61  6:51  Extractor x2  
  61  6:53  Drone x2  
  63  6:55  Drone x3  
  63  6:57  Drone x3  
  63  6:59  Drone  
  70  7:13  Evolution Chamber  
Show
View Real Time Build Order
Export as new Build Order

DakkoN Zerg 

Build Orders: Hatch First 

Get SALT Encoding   

  12  0:00  Drone  
  13  0:12  Overlord  
  13  0:20  Drone  
  14  0:30  Drone x2  
  14  0:34  Drone  
  17  0:52  Hatchery  
  17  0:55  Drone  
  17  0:59  Drone  
  18  1:09  Extractor  
  17  1:14  Spawning Pool  
  17  1:16  Drone  
  17  1:20  Drone  
  18  1:34  Drone  
  19  1:41  Overlord  
  19  1:59  Drone  
  19  2:01  Queen  
  20  2:03  Zergling x2, Queen  
  20  2:04  Drone  
  20  2:08  Metabolic Boost  
  26  2:11  Drone  
  27  2:16  Drone  
  28  2:23  Drone  
  28  2:27  Drone  
  30  2:31  Baneling Nest  
  30  2:34  Drone  
  30  2:47  Hatchery  
  30  2:48  Zergling x2  
  30  2:49  Drone  
  31  2:51  Drone  
  32  3:04  Spine Crawler  
  31  3:07  Zergling x4  
  31  3:08  Zergling x2  
  34  3:14  Baneling x2  
  34  3:17  Zergling x4  
  36  3:25  Zergling x4  
  26  3:35  Zergling x2  
  26  3:36  Zergling x8  
  20  4:01  Drone  
  20  4:02  Drone  
  20  4:06  Drone x3  
  23  4:14  Drone x2  
  23  4:16  Baneling  
  25  4:20  Drone  
  25  4:28  Drone  
  25  4:29  Drone  
  27  4:46  Drone x2  
  27  4:47  Drone x3  
  32  4:53  Drone  
  32  4:55  Drone  
  34  5:01  Drone  
  34  5:07  Drone  
  36  5:11  Baneling x2  
  36  5:22  Zergling x8  
  37  5:40  Zergling x14  
  31  5:53  Drone x4  
  33  6:00  Drone  
  33  6:03  Drone x2  
  36  6:08  Drone  
  36  6:10  Baneling x4  
  37  6:13  Drone  
  38  6:20  Drone  
  38  6:21  Drone  
  39  6:38  Drone x3  
  39  6:39  Drone x3  
  40  6:53  Roach Warren  
  39  6:54  Evolution Chamber  
  39  6:56  Baneling x2  
Tags
 
Add a new tag
Caveats
  • Supply blocks, unpowered buildings, or Contaminate may cause inaccurate times.
  • Supply counts are checked every 10 seconds.